Description

Early adepts to secure 3rd and trade for drones. Push at 9min

VOD

https://lotv.spawningtool.com/34791/

Replay - Elazer v sOs - Catalyst LE

Build Order

Get SALT Encoding   

  12  0:00  Probe  
  13  0:12  Probe  
  14  0:18  Pylon  
  14  0:24  Probe  
  15  0:37  Probe (Chrono Boost)  
  16  0:44  Gateway  
  16  0:46  Probe (Chrono Boost)  
  17  0:51  Probe  
  17  0:52  Assimilator  
  18  1:03  Probe  
  19  1:15  Probe  
  20  1:30  Nexus  
  20  1:35  Cybernetics Core  
  20  1:39  Probe  
  21  1:45  Assimilator  
  21  1:51  Probe  
  21  1:53  Pylon  
  23  2:11  Adept (Chrono Boost)  
  26  2:20  Stargate  
  27  2:30  Warp Gate  
  27  2:33  Adept  
  33  3:02  Phoenix (Chrono Boost)  
  37  3:15  Gateway x2  
  38  3:20  Oracle (Chrono Boost)  
  42  3:32  Pylon  
  43  3:40  Twilight Council  
  44  3:47  Pylon  
  46  3:57  Pylon  
  48  4:14  Resonating Glaives (Chrono Boost)  
  50  4:24  Assimilator x2  
  52  4:36  Adept x3, Robotics Facility  
  60  4:59  Adept x3  
  66  5:14  Gateway x2  
  66  5:19  Gateway  
  66  5:20  Immortal (Chrono Boost)  
  72  5:38  Nexus, Sentry x3  
  78  5:44  Charge (Chrono Boost)  
  78  5:50  Forge  
  74  5:57  Immortal (Chrono Boost)  
  73  6:06  Zealot x3  
  75  6:20  Protoss Ground Weapons Level 1 (Chrono Boost)  
  73  6:26  Templar Archives  
  75  6:33  Immortal (Chrono Boost)  
  81  6:53  Psionic Storm  
  82  6:57  Gateway x2  
  83  7:05  High Templar x2  
  87  7:11  Zealot x3  
  96  7:22  Shield Battery  
  97  7:24  Photon Cannon  
  97  7:26  Immortal (Chrono Boost)  
  98  7:34  Zealot x3  
  104  7:38  Archon  
  104  7:44  Zealot  
  91  8:00  Shield Battery  
  81  8:11  High Templar x4  
  89  8:15  Warp Prism (Chrono Boost)  
  94  8:21  Protoss Ground Armor Level 1 (Chrono Boost)  
  94  8:23  Shield Battery  
  94  8:24  Sentry  
  102  8:41  Assimilator x2  
  105  8:45  Observer (Chrono Boost)  
  120  9:18  High Templar x2  
  126  9:24  Archon  
  126  9:41  Archon x2  
Spawning Tool Build Advisor. Get it on Overwolf

Go to:

Details

  • Created by: Hindrance
  • Published on: Nov 08, 2018
  • Modified on: Nov 08, 2018
  • Patch: 4.0.0
Show
View Real Time Build Order
Export as new Build Order

Comments (0)

There are no comments. Be the first!

Create an account to comment!